 Dungeon Crawl Stone Soup version 0.23.2-1-ga50397a (webtiles) character file.

Game seed: 1806108464915571908

150 suicidejoker the Skirmisher (level 5, -13/43 (47) HPs)
             Began as a Ghoul Fighter on May 7, 2019.
             Mangled by an ogre
             ... wielding a +0 giant club
              (27 damage)
             ... on level 4 of the Dungeon.
             The game lasted 00:06:48 (2612 turns).

suicidejoker the Skirmisher (Ghoul Fighter)         Turns: 2612, Time: 00:06:49

HP:   -13/43 (47)   AC:  6    Str: 20    XL:     5   Next: 32%
MP:   0/4           EV:  7    Int:  3    God:
Gold: 189           SH:  8    Dex:  9    Spells: 4/4 levels left

rFire    . . .     SeeInvis .     - Unarmed
rCold    + . .     Gourm    .   b - +0 shield
rNeg     + + +     Faith    .   a - +0 scale mail
rPois    ∞         Spirit   +   (no helmet)
rElec    .         Reflect  .   y - scarf {Spirit}
rCorr    .         Harm     .   (no gloves)
MR       .....                  (no boots)
Stlth    ..........             (no amulet)
HPRegen  0.00/turn              l - ring of flight
MPRegen  0.09/turn              D - ring of attention (curse)

@: rotting
A: rotting body, claws 1, carnivore, cold resistance 1, negative energy
resistance 3, inhibited regeneration, torment resistance, unbreathing
a: Evoke Flight


You were on level 4 of the Dungeon.
You were hungry.

You visited 1 branch of the dungeon, and saw 4 of its levels.

You collected 189 gold pieces.

Inventory:

Hand Weapons
 v - a +0 vampiric dagger
Missiles
 m - 140 stones (quivered)
 n - 49 arrows
 o - 31 bolts
 s - 69 sling bullets
 t - 9 poisoned needles
 w - 4 tomahawks
Armour
 a - a +0 scale mail (worn)
 b - a +0 shield (worn)
 y - a scarf of spirit shield (worn)
Jewellery
 l - a ring of flight (left claw)
 D - a cursed ring of attention (right claw)
Scrolls
 f - a scroll of identify
 g - a scroll of remove curse {unknown}
 i - 2 scrolls of teleportation {unknown}
 r - 2 scrolls of magic mapping {unknown}
 u - a scroll of fog {unknown}
 x - 2 scrolls of amnesia {unknown}
 B - a scroll of random uselessness {unknown}
 C - a scroll of fear {unknown}
Potions
 c - 2 potions of might
 e - a potion of cancellation
 h - a potion of brilliance
 j - 2 potions of curing
 k - a potion of lignification
 p - a potion of mutation
 q - a potion of heal wounds {unknown}
 z - a potion of ambrosia {unknown}
 A - 2 potions of haste {unknown}
Comestibles
 d - 5 rations


   Skills:
 * Level 4.7 Fighting
 + Level 3.3 Armour
 - Level 2.6 Shields
 * Level 4.1 Unarmed Combat


You had 4 spell levels left.
You didn't know any spells.
Your spell library was empty.

Dungeon Overview and Level Annotations

Branches:
Dungeon (4/15)
 Temple: D:4-7

Altars:
Xom


Innate Abilities, Weirdness & Mutations

Your body is rotting away.
You thrive on raw meat.
You are immune to poison.
You have sharp fingernails.
You are carnivorous and can eat meat at any time.
Your flesh is cold resistant. (rC+)
You are immune to negative energy. (rN+++)
You do not regenerate when monsters are visible.
You are immune to unholy pain and torment.
You can survive without breathing.


Message History

You see here a long sword.
s - 69 sling bullets (gained 23)
i - 2 scrolls labeled DOG FOHOQOITIN (gained 1)
An ogre comes into view. It is wielding a +0 giant club.
The ogre shouts!
You see here a scroll labeled GOURPH HORAIPOHONA.
An ogre is nearby!
An ogre is nearby!
An ogre is nearby!
The ogre hits you but does no damage.
You scratch the ogre.
The ogre is lightly wounded.
The ogre hits you with a +0 giant club!!
Ouch! That really hurt!
A worm comes into view.
You scratch the ogre.
The ogre is moderately wounded.
The ogre hits you with a +0 giant club!!
Ouch! That really hurt!
You die...

...
####..........#
..
#.###.....####
#.# ###......#
#.# ##.....#
#.# #.....# #.#
##....# #.#
###?...# #.#
###......# ..#
#O@.#....#
#..>...###....#
...w### #.####
##. #.# #.# ..#
##


You could see an ogre and a worm.

Vanquished Creatures
  2 worker ants (D:4)
  2 adders
  3 oozes
  A worm (D:2)
  3 dart slugs (D:1)
  3 leopard geckos
  4 orcs (D:3)
  2 ball pythons
  6 bats
  9 hobgoblins
  3 jackals (D:1)
  9 kobolds
  A frilled lizard (D:1)
  A jackal skeleton (D:4)
  A leopard gecko skeleton (D:4)
  7 rats
57 creatures vanquished.

Notes
Turn   | Place    | Note
-------+----------+-------------------------------------------
     0 | D:1      | suicidejoker the Ghoul Fighter began the quest for the Orb.
     0 | D:1      | Reached XP level 1. HP: 19/19 MP: 0/0
   116 | D:1      | Reached XP level 2. HP: 18/26 MP: 1/1
   382 | D:1      | Reached XP level 3. HP: 14/33 MP: 2/2
   649 | D:1      | Found a shimmering altar of Xom.
  1103 | D:2      | Reached XP level 4. HP: 25/40 MP: 3/3
  2513 | D:4      | Reached XP level 5. HP: 36/44 MP: 2/4
  2607 | D:4      | Noticed an ogre
  2612 | D:4      | Mangled by an ogre

Skill      XL: |  1  2  3  4  5 |
---------------+----------------+-----
Unarmed Combat | 3 4 |  4.1
Armour         | 3 |  3.3
Fighting       | 4 |  4.7
Shields        | |  2.6

Action                   |  1- 3 |  4- 6 || total
-------------------------+-------+-------++-------
Melee: Unarmed           |   127 |   101 ||   228
  Use: Scroll            |       |     5 ||     5
  Eat: Chunk             |       |     5 ||     5
Armor: Scale mail        |    53 |    28 ||    81
Dodge: Dodged            |    37 |    31 ||    68
Block: Shield            |    64 |    35 ||    99
